 Dungeon Crawl Stone Soup version 0.29.1-12-g30fa7ad0bf (webtiles) character file.

Game seed: 11025843813483209668

480 haze1103 the Covert (level 7, -2/40 HPs)
             Began as a Kobold Brigand on Jan 6, 2023.
             Was a Believer of Wu Jian.
             Slain by an iguana (10 damage)
             ... on level 6 of the Dungeon.
             The game lasted 00:10:31 (4775 turns).

haze1103 the Covert (Kobold Brigand)                Turns: 4775, Time: 00:10:32

Health: -2/40      AC:  9    Str:  8    XL:     7   Next: 34%
Magic:  7/7        EV: 13    Int: 12    God:    Wu Jian [**....]
Gold:   116        SH:  0    Dex: 19    Spells: 6/6 levels left

rFire   . . .      SeeInvis .   a - +2 dagger
rCold   . . .      Faith    .   (no shield)
rNeg    . . .      Spirit   .   w - +3 leather armour
rPois   .          Reflect  .   (no helmet)
rElec   .          Harm     .   s - +2 cloak
rCorr   +          Rampage  .   (no gloves)
Will    .....                   (no boots)
Stlth   +++++.....              (no amulet)
HPRegen 0.13/turn               m - ring of flight
MPRegen 0.10/turn               t - ring of resist corrosion

@: flying
A: small, no large weapons, nightstalker 3
a: Renounce Religion, Wall Jump


You were on level 6 of the Dungeon.
You worshipped Wu Jian.
Wu Jian was pleased with you.
You visited 1 branch of the dungeon, and saw 6 of its levels.

You collected 228 gold pieces.
You spent 112 gold pieces at shops.

Inventory:

Hand Weapons
 a - a +2 dagger (weapon)
Missiles
 d - 18 poisoned darts
 e - 3 curare-tipped darts
 l - 4 boomerangs (quivered)
Armour
 s - a +2 cloak (worn)
 w - a +3 leather armour (worn)
Jewellery
 m - a ring of flight (left hand)
 t - a ring of resist corrosion (right hand)
Wands
 f - a wand of charming (5)
Scrolls
 b - a scroll of enchant weapon {unknown}
 i - a scroll of brand weapon {unknown}
 j - a scroll of noise {unknown}
 p - a scroll of fear {unknown}
 r - a scroll of teleportation {unknown}
 u - a scroll of poison {unknown}
Potions
 c - a potion of brilliance
 g - 3 potions of curing
 h - a potion of heal wounds
 k - a potion of might
 n - a potion of berserk rage
 o - a potion of haste {unknown}
 q - 2 potions of attraction {unknown}
 v - 2 potions of invisibility


   Skills:
 - Level 2.1 Fighting
 + Level 6.0 Short Blades
 + Level 5.0 Throwing
 - Level 1.2 Dodging
 + Level 8.0 Stealth


You had 6 spell levels left.
You didn't know any spells.
Your spell library contained the following spells:

 Spells                   Type           Power      Damage    Failure   Level
 Poisonous Vapours        Pois/Air       0%         N/A       58%         2
 Gell's Gravitas          Tloc           0%         N/A       82%         3
 Lesser Beckoning         Tloc           0%         N/A       82%         3
 Teleport Other           Tloc           0%         N/A       82%         3
 Corpse Rot               Necr/Pois/Air  0%         N/A       99%         4
 Dispel Undead            Necr           0%         3d6       99%         4
 Death Channel            Necr           0%         N/A       100%        6


Dungeon Overview and Level Annotations

Branches:
Dungeon (6/15)
 Temple: D:4-7

Altars:
Ashenzari
Dithmenos
Gozag
Okawaru
Vehumet
Wu Jian

Shops:
D:3 :   D:6 !

Annotations:
D:4 Pikel
D:5 exclusions: ice beast and ogre


Innate Abilities, Weirdness & Mutations

You are small and have problems with some larger weapons.
You are completely attuned to the shadows.


Message History

The hound is severely wounded.
The hound closely misses you.
You hit the hound.
The hound is severely wounded.
The hound closely misses you.
You hit the hound but do no damage.
The hound is severely wounded.
The hound bites you but does no damage. The hound bites you.
You closely miss the hound.
The hound is severely wounded.
The hound misses you.
You barely miss the hound.
The hound is severely wounded.
The hound barely misses you.
You hit the hound.
You kill the hound!
The Council accepts your kill.
The centaur shoots an arrow.
The arrow hits you.
You hear an angry hiss.
You hear a shout!
Your Throwing skill increases to level 5!
Your Stealth skill increases to level 8!
Okay, then.
The centaur shoots an arrow.
The arrow completely misses you.
Aiming: Wall Jump
Press: ? - help, Dir - move target You hit the iguana but do no damage.
The iguana completely misses you.
You closely miss the iguana. The iguana bites you!
You hit the iguana but do no damage. You hit the iguana but do no damage.
The iguana closely misses you.
Okay, then.
The iguana attacks as you move away!
The iguana bites you but does no damage.
The iguana attacks as you move away! The iguana misses you.
The iguana attacks as you move away! The iguana barely misses you.
You hear a distant slurping noise.
The iguana attacks as you move away! The iguana barely misses you.
The centaur shoots an arrow.
The arrow hits you!
* * * LOW HITPOINT WARNING * * *
The iguana attacks as you move away! The iguana bites you!
You die...

######### #####
........#####...#
###.........o.#.#
#.###.#####.c.#############
#.# #.# ##.l@...........#
###.###.# #.....#########.#
.......o# ##...## #.#
#.......#### ##.## #.#
#.........c# #.# #.#
#...###.##o# #.# #####.#
#...###.##†####+# #...#.#
.!......#c..# ##.#...####
.#...#..o#... #.........#


You could see a centaur, an iguana and an orc.

Vanquished Creatures
  A lemure (D:4)
  A scorpion (D:3)
  A jelly (D:6)
  Crazy Yiuf (D:4)
  2 orc priests
  2 hounds
  2 orc wizards (D:5)
  10 adders
  3 worms
  3 dart slugs
  15 orcs
  2 ball pythons (D:4)
  4 bats
  6 endoplasms
  4 giant cockroaches
  4 hobgoblins
  3 jackals (D:1)
  9 kobolds
  6 quokkas
  A frilled lizard (D:2)
  5 goblins
  7 rats
92 creatures vanquished.

Notes
Turn   | Place    | Note
-------+----------+-------------------------------------------
     0 | D:1      | haze1103 the Kobold Brigand began the quest for the Orb.
     0 | D:1      | Reached XP level 1. HP: 12/12 MP: 1/1
    31 | D:1      | Reached XP level 2. HP: 17/17 MP: 2/2
   289 | D:1      | Found a faded altar of an unknown god.
   295 | D:1      | Prayed at the altar of an unknown god.
   295 | D:1      | Became a worshipper of the Wu Jian Council
   295 | D:1      | Reached * piety under Wu Jian
   450 | D:1      | Reached XP level 3. HP: 21/21 MP: 3/3
  1094 | D:2      | Reached skill level 6 in Stealth
  1124 | D:1      | Reached XP level 4. HP: 4/26 MP: 4/4
  1862 | D:2      | Reached ** piety under Wu Jian
  2017 | D:3      | Reached XP level 5. HP: 30/30 MP: 5/5
  2033 | D:3      | Found a shadowy altar of Dithmenos.
  2072 | D:3      | Found Myfuqieh's Book Emporium.
  2148 | D:3      | Found a radiant altar of Vehumet.
  2570 | D:4      | Reached skill level 5 in Short Blades
  2570 | D:4      | Reached skill level 7 in Stealth
  2570 | D:4      | Reached XP level 6. HP: 30/35 MP: 6/6
  3087 | D:4      | Found a broken altar of Ashenzari.
  3248 | D:4      | Noticed Pikel
  3302 | D:4      | Found a runed translucent door.
  3305 | D:4      | Noticed Crazy Yiuf
  3309 | D:4      | Killed Crazy Yiuf
  3610 | D:5      | Entered Level 5 of the Dungeon
  3909 | D:5      | Found an opulent altar of Gozag.
  3929 | D:5      | Noticed an ice beast
  3994 | D:5      | Noticed an ogre
  4093 | D:5      | Found an iron altar of Okawaru.
  4112 | D:5      | Reached XP level 7. HP: 36/40 MP: 7/7
  4642 | D:6      | Found Siut Ugu's Distillery.
  4645 | D:6      | Bought a potion of invisibility for 112 gold pieces
  4755 | D:6      | Reached skill level 5 in Throwing
  4755 | D:6      | Reached skill level 8 in Stealth
  4775 | D:6      | Slain by an iguana

Illustrated notes

Levels and vault maps discovered:
D:1:      dpeg_arrival_windows_large_door, layout_loops_cross,
          ebering_ecumenical_altar_abandoned, minmay_vboxes
D:2:      layout_rooms, nicolae_elevator_lobby_asterisk
D:3:      layout_rooms, mainiacjoe_overflow_six_doors_small,
          nicolae_vehumet_radiance, serial_shops, nicolae_shop_waterfront,
          minmay_misc_feat_rows
D:4:      layout_loops_corners, ashenzari_altar_1, kennysheep_small_spiral,
          corner_web_ring, hangedman_decor_growths, uniq_crazy_yiuf_cottage,
          uniq_pikel
D:5:      layout_loops_ring, mainiacjoe_overflow_concentric_impassable,
          nicolae_gozag_seed_capital, hellmonk_bongcloud_opening
D:6:      kennysheep_spiral_hall, layout_loops_corners,
          minmay_temple_entry_butterflies, serial_shops, nicolae_stop_n_shop_1,
          hangedman_decor_riveting, minmay_fractal_squares_diagonal_5

Skill      XL: |  1  2  3  4  5  6  7 |
---------------+----------------------+-----
Short Blades   | 3 4 5 6 |  6.0
Throwing       | 3 4 5 |  5.0
Stealth        | 6 7 8 |  8.0
Fighting       | |  2.1
Dodging        | |  1.2

Action                   |  1- 3 |  4- 6 |  7- 9 || total
-------------------------+-------+-------+-------++-------
Melee: Dagger            |    63 |   161 |    54 ||   278
Throw: Dart              |       |     5 |       ||     5
       Boomerang         |       |     2 |     3 ||     5
Invok: Lunge             |     9 |    17 |     1 ||    27
       Whirlwind         |     1 |       |     2 ||     3
 Abil: Wall Jump         |       |     1 |     2 ||     3
  Use: Scroll            |       |     5 |       ||     5
 Stab: Sleeping          |    22 |    23 |     2 ||    47
       Distracted        |       |       |     1 ||     1
Armor: Robe              |     6 |    20 |     1 ||    27
       Leather armour    |       |       |    12 ||    12
Dodge: Dodged            |    29 |    64 |    36 ||   129
